 Dungeon Crawl Stone Soup version 0.17-a0-913-g36eb389 (webtiles) character file.

7 drasked the Magician (level 1, 0/13 HPs)
             Began as a Mummy Wizard on May 3, 2015.
             Slain by a jackal (1 damage)
             ... on level 1 of the Dungeon.
             The game lasted 00:02:32 (332 turns).

drasked the Magician (Mummy Wizard)                  Turns: 332, Time: 00:02:32

Health: 0/13       AC:  2    Str: 10    XL:     1   Next: 91%
Magic:  0/4        EV: 12    Int: 17    God:
Gold:   28         SH:  0    Dex: 10    Spells: 1 memorised, 5 levels left

rFire  x . .     SeeInvis .     (no weapon)
rCold  + . .     Clarity  .     a - +0 robe
rNeg   + + +     SustAb   .     (no shield)
rPois  ∞         Gourm    .     b - +0 hat
rElec  .         Spirit   .     (no cloak)
rCorr  .         Warding  .     (no gloves)
rMut   .         Stasis   .     (no boots)
MR     .....                    (no amulet)
Stlth  ++........               (no ring)
                                (no ring)

@: not resistant to hostile enchantments, unstealthy
A: no food or potions, fire vulnerability, cold resistance 1, negative energy
resistance 3, torment resistance, unbreathing
a: no special abilities


You were on level 1 of the Dungeon.
You were not hungry.

You visited 1 branch of the dungeon, and saw 1 of its levels.

You collected 28 gold pieces.

Inventory:

Hand weapons
 d - a +0 short sword
   (You found it on level 1 of the Dungeon)
 f - a +0 dagger
   (You took it off a goblin on level 1 of the Dungeon)
 h - a +0 club
   (You took it off a goblin on level 1 of the Dungeon)
Armour
 a - a +0 robe (worn)
 b - a +0 hat (worn)
Scrolls
 e - a scroll of identify {unknown}
 g - a scroll of fear {unknown}
Books
 c - a book of Minor Magic


   Skills:
 - Level 1.5 Dodging
 - Level 1.5 Stealth
 + Level 3.2 Spellcasting
 + Level 1.2 Conjurations
   Level 0.7 Summonings
   Level 0.7 Translocations


You had 5 spell levels left.
You knew the following spells:

 Your Spells              Type           Power        Failure   Level  Hunger
a - Magic Dart            Conj           #...         12%         1    N/A

Dungeon Overview and Level Annotations

Branches:
Dungeon (1/15)

Altars:


Innate Abilities, Weirdness & Mutations

You do not eat or drink.
Your flesh is vulnerable to fire.
You are immune to poison.
Your flesh is cold resistant.
You are immune to negative energy.
You are immune to unholy pain and torment.
You can survive without breathing.


Message History

g - a scroll labeled TAEMUDWE DEEL You now have 28 gold pieces (gained 9).
A goblin comes into view. It is wielding a club.
The goblin shouts!
Aim: a goblin, wielding a club The magic dart hits the goblin.
You now have 3/4 mp.
Aim: a goblin, wielding a club (heavily wounded)
The magic dart hits the goblin.
You kill the goblin!
You now have 2/4 mp.
You start resting.
MP restored: 4
h - a club You see here a goblin corpse.
You see here a beef jerky.
A jackal comes into view.
Aim: a jackal (resting)
The magic dart hits the jackal.
The jackal barks!
A jackal comes into view.
You now have 3/4 mp.
Aim: a jackal (moderately wounded)
The magic dart hits the jackal.
The jackal barks!
You now have 2/4 mp.
Aim: a jackal (almost dead)
The magic dart hits the jackal.
A jackal comes into view.
You now have 1/4 mp.
The jackal bites you.
You take 2 damage, and have 11/13 hp.
Aim: a jackal (severely wounded)
The magic dart hits the jackal.
The jackal bites you.
You take 2 damage, and have 9/13 hp.
You now have 1/4 mp.
Aim: a jackal (severely wounded)
You miscast Magic Dart.
You are very lightly contaminated with residual magic.
Your bandages stand on end.
The jackal closely misses you.
You now have 0/4 mp.
The jackal barely misses you. The jackal closely misses you.
You see here a purple potion.
The jackal bites you but does no damage.
The jackal bites you.
You take 3 damage, and have 6/13 hp.
MASSIVE DAMAGE!!
The jackal barks!
The jackal closely misses you. The jackal barely misses you.
Aim: a jackal (severely wounded)
The magic dart hits the jackal.
You kill the jackal!
You now have 0/4 mp.
The jackal barely misses you. The jackal barely misses you.
A rat comes into view.
Your magical contamination has completely faded away.
The jackal closely misses you.
The jackal pauses to sniff the ground.
The jackal barely misses you. The jackal barely misses you.
You see here a purple potion.
The jackal completely misses you.
A jackal comes into view.
The jackal barks!
The jackal closely misses you. The jackal barely misses you.
The jackal misses you. The jackal bites you.
You take 2 damage, and have 5/13 hp.
The jackal bites you.
You take 1 damage, and have 4/13 hp.
Aim: a jackal The magic dart hits the jackal.
The jackal closely misses you. The jackal misses you.
You now have 2/4 mp.
Aim: a jackal The magic dart hits the jackal.
The jackal misses you.
You now have 1/4 mp.
Aim: a jackal (heavily wounded)
The magic dart hits the jackal.
The jackal bites you.
* * * LOW HITPOINT WARNING * * *
The jackal misses you.
You take 1 damage, and have 3/13 hp.
You now have 0/4 mp.
A goblin comes into view. It is wielding a club.
The goblin shouts!
The jackal barely misses you. The jackal misses you.
Aim: a jackal (heavily wounded)
The magic dart hits the jackal.
The jackal bites you but does no damage.
You now have 0/4 mp.
The jackal barely misses you. The jackal bites you.
* * * LOW HITPOINT WARNING * * *
You take 2 damage, and have 2/13 hp.
The jackal bites you.
* * * LOW HITPOINT WARNING * * *
The jackal bites you.
You die...

.####...### #.(.###...###.#
#.##.###.##.. ####..###...###.#
.####.###.# #.##(.##........##.#
#..##.##..# #....######....##.#
##....#.#.## ###.<# ..##.#..##.#
####.#.##.###....# #.##.#...#.#
.## ##...##..###.##.#.#.#.#
###### ###########.r.#.#.g#...#
.>... ........@h.g...###r.%..#
#...############.h.!###.#.#.#..#
.....................###.##.##.#
##.##############....###.##.##.#
†.......# #..#.........††#
...####.# #..#..#######..# ####
#..#..##...##..#
#..#..#.....#..#
#..#..#........#


You could see 2 jackals, a goblin and a rat.

Vanquished Creatures
  2 goblins (D:1)
  A jackal (D:1)
  A ball python (D:1)
  A bat (D:1)
  3 rats (D:1)
8 creatures vanquished.

Notes
Turn   | Place    | Note
--------------------------------------------------------------
     0 | D:1      | drasked, the Mummy Wizard, began the quest for the Orb.
     0 | D:1      | Reached XP level 1. HP: 13/13 MP: 4/4
    51 | D:1      | Reached skill level 1 in Conjurations
   319 | D:1      | HP: 3/13 [jackal (1)]
   330 | D:1      | HP: 2/13 [jackal (2)]
   332 | D:1      | Slain by a jackal

Action                   || total
-------------------------++-------
 Cast: Magic Dart        ||    19

Vault maps used:
D:1:      dpeg_arrival_signposts, minmay_misc_feat_enclosed

Table legend:
 A = Turns spent in this place as a percentage of turns spent in the entire game.
 B = Non-inter-level travel turns spent in this place as a percentage of non-inter-level travel turns spent in the entire game.
 C = Inter-level travel turns spent in this place as a percentage of turns spent in this place.
 D = Turns resting spent in this place as a percentage of non-inter-level travel turns spent in this place.
 E = Turns spent auto-exploring this place as a percentage of non-inter-level travel turns spent in this place.
 F = Non-inter-level travel turns spent in this place divided by the number of levels of this place that you've seen.
                   A       B       C       D       E      F
               +-------+-------+-------+-------+-------+----------------------
         Total | 100.0 | 100.0 |   0.0 |  11.3 |   9.7 | 124.0
       Dungeon | 100.0 | 100.0 |   0.0 |  11.3 |   9.7 | 124.0
               +-------+-------+-------+-------+-------+----------------------

Table legend:
 A = Kills in this place as a percentage of kills in entire the game.
 B = Kills by you in this place as a percentage of kills by you in the entire game.
 C = Kills by friends in this place as a percentage of kills by friends in the entire game.
 D = Other kills in this place as a percentage of other kills in the entire game.
 E = Experience gained in this place as a percentage of experience gained in the entire game.
 F = Experience gained in this place divided by the number of levels of this place that you have seen.
                   A       B       C       D       E      F
               +-------+-------+-------+-------+-------+----------------------
         Total | 100.0 | 100.0 |  -nan |  -nan | 100.0 |  11.0
       Dungeon | 100.0 | 100.0 |  -nan |  -nan | 100.0 |  11.0
               +-------+-------+-------+-------+-------+----------------------
